AoeStats
← Valerian

Four Lakes

510144797Analyzed
1v1 RM · 3d ago on Sep 29, 2026· 49m 20s· 2 players
Game mode
Random Map
Map size
Tiny (2 player)
Population
200
Speed
Normal
Resources
Standard
Victory
Conquest
Starting age
Dark Age
Ending age
Imperial Age
RankedLock teamsTeams togetherTeam positionsShared explorationLock speedFull tech treeHidden civsTurbo modeCheats
Victory
Defeat
🇩🇰 Persians · Denmark
1160
+17
🇹🇼 Japanese · Taiwan
1185
-17
Valerian
10:35 Feudal Age
10:02 Loom
11:36 Double-Bit Axe
17:08 Fletching
22:26 Castle Age
20:44 Gold Mining
22:17 Crossbowman
22:54 Bodkin Arrow
24:17 Padded Archer Armor
24:28 Thumb Ring
29:43 Ballistics
29:34 Masonry
33:09 Horse Collar
35:08 Forging
35:50 Bloodlines
38:10 Heavy Plow
38:24 Bow Saw
38:33 Scale Barding Armor
40:33 Chain Barding Armor
40:49 Iron Casting
42:50 Imperial Age
40:59 Leather Archer Armor
41:20 Iron Casting
41:43 Wheelbarrow
41:16 Town Watch
43:06 Cavalier
44:17 Ring Archer Armor
44:47 Blast Furnace
44:18 Conscription
44:33 Kamandaran
46:03 Light Cavalry
46:43 Husbandry
47:04 Chain Barding Armor
49:22 Chemistry
49:19 Hussar
梨子假蘋果
10:23 Feudal Age
11:06 Double-Bit Axe
11:06 Man-at-Arms
15:03 Scale Mail Armor
15:07 Arson
16:59 Forging
22:28 Castle Age
21:27 Gold Mining
22:31 Long Swordsman
23:35 Chain Mail Armor
23:23 Squires
23:09 Gambesons
24:45 Iron Casting
26:55 Padded Archer Armor
28:12 Leather Archer Armor
28:17 Elite Skirmisher
29:30 Fletching
33:44 Loom
43:40 Imperial Age
41:32 Bow Saw
49:20 Wheelbarrow
Connection lost

Rejoining the realm…

Still unreachable

The connection could not be restored.

Session expired

The server has moved on; the page needs a fresh start.